 Dungeon Crawl Stone Soup version 0.29-a0-723-gce39da1c22 (webtiles) character file.

Game seed: 1529166342432075939

510 fingers the Cudgeller (level 6, -11/53 HPs)
             Began as a Draconian Berserker on June 28, 2022.
             Was a Follower of Trog.
             Killed by an exploding orc wizard (23 damage)
             ... ignited by their inner flame
             ... on level 4 of the Dungeon.
             The game lasted 00:15:26 (4871 turns).

fingers the Cudgeller (Draconian Berserker)         Turns: 4871, Time: 00:15:30

Health: -11/53     AC:  7    Str: 20    XL:     6   Next: 98%
Magic:  6/6        EV: 11    Int:  7    God:    Trog [*.....]
Gold:   49         SH:  7    Dex: 10    Spells: 5/5 levels left

rFire   . . .      SeeInvis .   l - +0 hammer
rCold   . . .      Faith    .   c - +0 kite shield
rNeg    . . .      Spirit   .   (body armour unavailable)
rPois   .          Reflect  .   (helmet restricted)
rElec   .          Harm     .   m - +0 cloak
rCorr   +          Rampage  .   (no gloves)
Will    .....                   (no boots)
Stlth   ++........              (no amulet)
HPRegen 0.17/turn               e - ring of resist corrosion
MPRegen 0.10/turn               (no ring)

@: on berserk cooldown, flying, slowed, very slow
A: AC +6, unfitting armour, cold-blooded, big wings, weak 1
a: Renounce Religion, Berserk


You were on level 4 of the Dungeon.
You worshipped Trog.
Trog was aware of your devotion.
You visited 1 branch of the dungeon, and saw 4 of its levels.

You collected 93 gold pieces.
You spent 44 gold pieces at shops.

Inventory:

Hand Weapons
 a - a +4 quarterstaff of chaos
 l - a +0 hammer (weapon)
Armour
 c - a +0 kite shield (worn)
 m - a +0 cloak (worn)
Jewellery
 e - a ring of resist corrosion (left hand)
Wands
 p - a wand of flame (5)
Scrolls
 b - a scroll of summoning {unknown}
 d - a scroll of poison {unknown}
 f - 2 scrolls of teleportation {unknown}
 h - a scroll of immolation
 k - a scroll of magic mapping {unknown}
 q - a scroll of fear
 t - a scroll of enchant weapon {unknown}
Potions
 g - a potion of ambrosia {unknown}
 i - a potion of flight
 j - a potion of invisibility {unknown}
 n - a potion of attraction {unknown}
 r - a potion of curing
 s - 2 potions of resistance


   Skills:
 + Level 4.4 Fighting
 + Level 5.2 Maces & Flails
 + Level 4.3 Dodging
 + Level 1.8 Stealth
 + Level 2.7 Shields


You had 5 spell levels left.
You didn't know any spells.
Your spell library was empty.

Dungeon Overview and Level Annotations

Branches:
Dungeon (4/15)             Temple (0/1) D:4

Altars:
Vehumet
Beogh

Shops:
D:3 ?


Innate Abilities, Weirdness & Mutations

Your plain brown scales are hard. (AC +6)
You cannot fit into any form of body armour.
You are cold-blooded and may be slowed by cold attacks.
Your large and strong wings let you fly.
You are weak. (Str -2)


Message History

Something hits you but does no damage. The orc closely misses you.
The orc priest hits you with a +0 short sword.
The orc hits you with a +0 dagger. Something hits you.
You hit the orc but do no damage. Something hits you but does no damage.
The orc priest looks braver for a moment.
The orc hits you but does no damage.
The orc priest hits you but does no damage.
The orc hits you but does no damage. The orc hits you with a +0 dagger.
* * * LOW HITPOINT WARNING * * *
The orc priest closely misses you. Something hits you.
* * * LOW HITPOINT WARNING * * *
You are too confused!
You feel less confused. You block something's attack.
The orc priest looks satisfied for a moment.
Read: 2 scrolls of immolation
Press: ? - help, Q - select action, (/) - cycle Dir - look around, f - activate Look: an orc priest, wielding a +0 short sword and wearing a +0 leather armour (susceptible)
As you read the scroll of immolation, it crumbles to dust.
The creatures around you are filled with an inner flame!
An orc wizard appears from thin air!
Reactivating autopickup.
The orc wizard hits you with a +0 dagger.
* * * LOW HITPOINT WARNING * * *
You block the orc's attack. The orc wizard misses you. The orc misses you.
The orc wizard attacks as you move away!
You block the orc wizard's attack.
You barely miss the orc wizard.
Flame seeps out of the orc wizard.
You tail-slap the orc wizard.
The orc wizard is moderately wounded.
The orc wizard is engulfed in blazing flames.
Flame seeps out of the orc wizard.
The orc wizard points at you and mumbles some strange words.
The puff of flame misses you.
The orc wizard is engulfed in blazing flames.
Trog accepts your kill.
Trog appreciates your killing of a magic user.
The orc wizard explodes!
The fiery explosion engulfs you!!
You die...

..#.# .... ..#.#
.... ..... #....
##..###. ##...#
##........
#$....##@o.......
.......#○#........#
#...§o.........#
###...?........#
#..##)......... #..
#.)##....#
....##)###...#
##...#..##...##
#...#........#


You could see an orc priest (inner flame) and an orc (inner flame).

Vanquished Creatures
  Sigmund (D:2)
  An orc priest (D:4)
  Crazy Yiuf (D:2)
  Jessica (D:3)
  An iguana (D:4)
  Ijyb (D:3)
  An orc wizard (D:4)
  Natasha (twice) (D:2)
  8 adders
  2 worms (D:2)
  4 dart slugs
  10 orcs
  6 ball pythons
  4 bats
  7 endoplasms
  A giant cockroach (D:4)
  11 goblins
  2 hobgoblins
  5 kobolds
  7 quokkas
  3 frilled lizards
  6 rats
85 creatures vanquished.

Vanquished Creatures (others)
  15 plants (D:2)
15 creatures vanquished.

Grand Total: 100 creatures vanquished

Notes
Turn   | Place    | Note
-------+----------+-------------------------------------------
     0 | D:1      | fingers the Draconian Berserker began the quest for the
                  | Orb.
     0 | D:1      | Reached XP level 1. HP: 19/19 MP: 1/1
   209 | D:1      | Reached XP level 2. HP: 26/26 MP: 2/2
  1098 | D:2      | Reached XP level 3. HP: 25/33 MP: 3/3
  1834 | D:2      | Noticed Sigmund
  1845 | D:2      | Killed Sigmund
  1846 | D:2      | Reached skill level 4 in Maces & Flails
  1846 | D:2      | Reached skill level 1 in Stealth
  1846 | D:2      | Reached skill level 1 in Shields
  1846 | D:2      | Reached XP level 4. HP: 40/40 MP: 4/4
  1846 | D:2      | Reached XP level 5. HP: 46/46 MP: 5/5
  1863 | D:2      | Reached ** piety under Trog
  2122 | D:2      | Noticed Natasha
  2129 | D:2      | Killed Natasha
  2130 | D:2      | Reached XP level 6. HP: 52/52 MP: 6/6
  2521 | D:2      | Found a faded altar of an unknown god.
  2705 | D:2      | Noticed Natasha
  2713 | D:2      | Killed Natasha
  2828 | D:2      | Found a runed translucent door.
  2829 | D:2      | Noticed Crazy Yiuf
  2835 | D:2      | Killed Crazy Yiuf
  3182 | D:3      | Noticed Jessica
  3199 | D:3      | Killed Jessica
  3575 | D:3      | Noticed Ijyb
  3588 | D:3      | Killed Ijyb
  3912 | D:3      | Reached skill level 5 in Maces & Flails
  4066 | D:3      | Found Saluobar's Magic Scroll Boutique.
  4086 | D:3      | Bought a scroll of identify for 22 gold pieces
  4086 | D:3      | Bought a scroll of identify for 22 gold pieces
  4169 | D:3      | Found a radiant altar of Vehumet.
  4546 | D:3      | Gained mutation: Your large and strong wings let you fly.
                  | [potion of mutation]
  4546 | D:3      | Gained mutation: You are weak. (Str -2) [potion of
                  | mutation]
  4807 | D:4      | Found a staircase to the Ecumenical Temple.
  4871 | D:4      | Killed by an exploding orc wizard... ignited by their inner
                  | flame

Illustrated notes

Levels and vault maps discovered:
D:1:      wheals_arrival_shading, layout_basic
D:2:      minmay_chambers_of_ones, layout_basic, serial_forest,
          infiniplex_forest_clump_curved, infiniplex_forest_lined_room_2,
          infiniplex_forest_straight_4, infiniplex_forest_straight_3,
          infiniplex_forest_split, infiniplex_forest_clump_cross,
          infiniplex_forest_lined_corner, infiniplex_forest_straight_2,
          infiniplex_forest_clump_C, hellmonk_ecumenical_altar_defaced_shrine,
          kennysheep_generic_room_13, uniq_crazy_yiuf_cottage, uniq_natasha,
          uniq_sigmund
D:3:      layout_loops_corners, nicolae_overflow_crystal_walls, serial_shops,
          shop, kennysheep_cluttered_room, minivault_27, uniq_jessica, uniq_ijyb
D:4:      black_bear_nest_1, layout_cave_pools, dk_yredelemnul_ordeal,
          kennysheep_mini_moat, nicolae_qazlal_general_emergency,
          minmay_temple_entry_waves, portal_sewer_entry_b,
          minmay_misc_feat_square, item_on_display_a, uniq_edmund

Skill      XL: |  1  2  3  4  5  6 |
---------------+-------------------+-----
Dodging        | 3 4 |  4.3
Fighting       | 4 |  4.4
Maces & Flails | 4 5 |  5.2
Stealth        | 1 |  1.8
Shields        | 1 2 |  2.7

Action                   |  1- 3 |  4- 6 || total
-------------------------+-------+-------++-------
Melee: Mace              |    94 |   155 ||   249
       Tailslap          |    15 |    12 ||    27
Invok: Berserk           |     7 |    11 ||    18
  Use: Scroll            |       |     6 ||     6
       Potion            |       |     1 ||     1
 Stab: Sleeping          |       |     4 ||     4
Armor: Skin              |    31 |    91 ||   122
Dodge: Dodged            |    52 |   112 ||   164
Block: Kite shield       |    27 |    93 ||   120

Table legend: (Time is in decaauts)
 A = Elapsed time spent in this place.
 B = Non-inter-level travel time spent in this place.
 C = Inter-level travel time spent in this place.
 D = Time resting spent in this place.
 E = Time spent auto-exploring this place.
 F = Levels seen in this place.
 G = Mean time per level.
                   A        B        C        D        E       F      G
               +--------+--------+--------+--------+--------+-----+--------+
         Total |   5130 |   4956 |    174 |   1391 |   2203 |   4 | 1282.5 |
       Dungeon |   5130 |   4956 |    174 |   1391 |   2203 |   4 | 1282.5 |
               +--------+--------+--------+--------+--------+-----+--------+

Top non-repeatable levels by time:
     D:2: 2149 daAuts
     D:3: 1757 daAuts
     D:1: 1153 daAuts
     D:4: 70 daAuts
